 Dungeon Crawl Stone Soup version 0.22.1-6-g1668fe2c40 (webtiles) character file.

516 Ramireus the Sneak (level 7, 0/32 HPs)
             Began as a Spriggan Enchanter on Jan 28, 2019.
             Slain by a big kobold zombie (4 damage)
             ... in an ossuary.
             The game lasted 00:37:07 (5431 turns).

Ramireus the Sneak (Spriggan Enchanter)             Turns: 5431, Time: 00:37:08

Health: 0/32       AC:  2    Str:  1 (4)  XL:     7   Next: 0%
Magic:  12/14      EV: 19    Int: 22 (23) God:
Gold:   128        SH:  0    Dex: 14 (17) Spells: 9/15 levels left

rFire    . . .     SeeInvis +   a - +1 dagger
rCold    . . .     Gourm    .   (shield restricted)
rNeg     + . .     Faith    .   t - +0 robe {rN+}
rPois    .         Spirit   .   (helmet restricted)
rElec    .         Reflect  .   (no cloak)
rCorr    .         Harm     .   (gloves unavailable)
MR       +....                  (boots unavailable)
Stlth    ++++......             (no amulet)
HPRegen  0.10/turn              (no ring)
MPRegen  0.14/turn              (no ring)

@: brilliant, very quick
A: very small, unfitting armour, see invisible, herbivore, speed 3, slow
metabolism 2
a: no special abilities


You were in an ossuary.
You were near starving.

You visited 1 branch of the dungeon, and saw 4 of its levels.
You also visited: Ossuary.

You collected 128 gold pieces.

Inventory:

Hand Weapons
 a - a +1 dagger (weapon)
 p - a +0 dagger of venom
 q - a +0 dagger of freezing
Armour
 d - a +0 buckler
 t - a +0 robe of positive energy (worn)
Jewellery
 b - an uncursed ring of protection from fire {unknown}
Scrolls
 e - 2 scrolls of fog
 f - a scroll of remove curse {unknown}
 g - 3 scrolls of teleportation
 i - a scroll of amnesia
 l - a scroll of blinking {unknown}
Potions
 c - a potion of haste {unknown}
 h - a potion of degeneration
 j - 2 potions of curing
 m - a potion of lignification {unknown}
 r - a potion of agility
 s - a potion of magic


   Skills:
 + Level 0.1 Fighting
 * Level 2.8 Short Blades
 * Level 4.6 Dodging
 * Level 7.4 Stealth
 * Level 4.5 Spellcasting
 * Level 4.8 Hexes
 * Level 2.2 Ice Magic


You had 9 spell levels left.
You knew the following spells:

 Your Spells              Type           Power        Failure   Level  Hunger
a - Corona                Hex            #####..      1%          1    None
b - Ensorcelled Hibernat  Hex/Ice        ####..       1%          2    None
c - Dazzling Spray        Conj/Hex       ####..       1%          3    ##.....

Your spell library contained the following spells:

 Spells                   Type           Power        Failure   Level  Hunger
 Confuse                  Hex            #####...     1%          3    ##.....
 Tukima's Dance           Hex            #####...     1%          3    ##.....


Dungeon Overview and Level Annotations

Branches:
Dungeon (4/15)
 Temple: D:4-7

Altars:
Gozag
Hepliaklqana

Shops:
D:2 *


Innate Abilities, Weirdness & Mutations

You are very small and have problems with some larger weapons.
You are too small for most types of armour.
You have supernaturally acute eyesight. (SInv)
You are a herbivore.
You cover ground extremely quickly.
You need to consume almost no food.


Message History

The adder zombie is severely damaged.
The adder zombie misses you. The big kobold zombie hits you.
* * * LOW HITPOINT WARNING * * *
You hit the adder zombie.
The adder zombie is almost destroyed.
The adder zombie completely misses you.
You closely miss the adder zombie.
The adder zombie is almost destroyed.
The adder zombie completely misses you. The big kobold zombie hits you.
* * * LOW HITPOINT WARNING * * *
You hit the adder zombie.
The adder zombie is almost destroyed.
The adder zombie misses you.
The big kobold zombie closely misses you.
You hit the adder zombie.
You destroy the adder zombie!
You have reached level 7!
You hit the big kobold zombie but do no damage.
The big kobold zombie hits you.
You die...

######################
#........∩..@........#
#............Z.......#
#....Z.########......#
#..Z#### ####...#
#..## ##..# #..# +..#
#..## ##..# #...####
####...#
#......########Z.Z...#


You could see a quokka zombie and a big kobold zombie.

Vanquished Creatures
  A centaur zombie (Ossuary)
  A hound (D:4)
  3 orc priests
  Jessica (D:2)
  Terence (D:2)
  3 gnolls
  Robin (D:3)
  10 adders
  An ooze (D:1)
  4 worms
  3 adder zombies (Ossuary)
  3 dart slugs
  4 leopard geckos
  10 orcs
  2 ball pythons
  10 bats
  7 giant cockroaches
  16 goblins
  15 hobgoblins
  12 jackals
  11 kobolds
  A quokka (D:3)
  2 frilled lizards
  2 goblin zombies (Ossuary)
  A jackal zombie (Ossuary)
  2 kobold zombies (Ossuary)
  A quokka skeleton (D:4)
  3 quokka zombies (Ossuary)
  8 rats
  A rat zombie (Ossuary)
140 creatures vanquished.

Notes
Turn   | Place    | Note
-------+----------+-------------------------------------------
     0 | D:1      | Ramireus the Spriggan Enchanter began the quest for the
                  | Orb.
     0 | D:1      | Reached XP level 1. HP: 9/9 MP: 5/5
   172 | D:1      | Reached XP level 2. HP: 13/13 MP: 4/6
   200 | D:1      | Learned a level 2 spell: Ensorcelled Hibernation
   337 | D:1      | Reached skill level 5 in Stealth
   640 | D:1      | Reached XP level 3. HP: 16/16 MP: 1/8
  1544 | D:2      | Noticed Terence
  1607 | D:2      | Found an opulent altar of Gozag.
  1607 | D:2      | Found Gozag's Platinum Reserve.
  1855 | D:2      | Reached XP level 4. HP: 21/21 MP: 7/10
  2056 | D:2      | Found a hazy altar of Hepliaklqana.
  2104 | D:2      | Found a faded altar of an unknown god.
  2112 | D:2      | Reached skill level 6 in Stealth
  2497 | D:2      | Reached XP level 5. HP: 24/24 MP: 3/11
  2501 | D:2      | Killed Terence
  2501 | D:2      | Reached skill level 1 in Ice Magic
  2808 | D:2      | Noticed Jessica
  2811 | D:2      | Killed Jessica
  3093 | D:3      | Noticed Robin
  3446 | D:3      | Killed Robin
  3703 | D:3      | Reached XP level 6. HP: 7/28 MP: 4/13
  4771 | D:3      | Reached skill level 7 in Stealth
  4975 | D:4      | Found a sand-covered staircase.
  4984 | Ossuary  | Entered an ossuary
  5377 | Ossuary  | Learned a level 3 spell: Dazzling Spray
  5430 | Ossuary  | Reached XP level 7. HP: 4/32 MP: 12/14
  5431 | Ossuary  | Slain by a big kobold zombie

Skill      XL: |  1  2  3  4  5  6 |
---------------+-------------------+-----
Spellcasting   | 3 4 |  4.5
Hexes          | 4 |  4.8
Stealth        | 5 6 7 |  7.4
Short Blades   | 2 |  2.8
Ice Magic      | 1 2 |  2.2
Dodging        | 4 |  4.6
Fighting       | |  0.1

Action                   |  1- 3 |  4- 6 |  7- 9 || total
-------------------------+-------+-------+-------++-------
Melee: Dagger            |    93 |   274 |     1 ||   368
 Cast: Corona            |    10 |     3 |       ||    13
       Ensorcelled Hiber |    27 |    83 |       ||   110
       Dazzling Spray    |       |     2 |       ||     2
  Use: Potion            |       |     6 |       ||     6
       Scroll            |       |     5 |       ||     5
 Stab: Sleeping          |    30 |    61 |       ||    91
       Distracted        |       |     1 |       ||     1
  Eat: Ration            |       |     3 |       ||     3
Armor: Robe              |    14 |    21 |       ||    35
Dodge: Dodged            |    89 |   256 |       ||   345
